 Dungeon Crawl Stone Soup version 0.25-a0-426-g7d9e569eea (webtiles) character file.

Game seed: 10613497618996002624, levelgen mode: deterministic

8272 kae the Cleaver (level 11, -10/151 HPs)
             Began as a Hill Orc Fighter on Jan 24, 2020.
             Was a High Priest of Uskayaw.
             Killed by divine providence
             ... invoked by an orc priest
              (12 damage)
             ... on level 10 of the Dungeon.
             The game lasted 00:11:54 (10104 turns).

kae the Cleaver (Hill Orc Fighter)                 Turns: 10104, Time: 00:11:55

Health: -10/151    AC: 25    Str: 20    XL:     11   Next: 28%
Magic:  16/16      EV:  2    Int:  8    God:    Uskayaw [*****.]
Gold:   484        SH: 12    Dex: 10    Spells: 10/10 levels left

rFire    . . .     SeeInvis .   K - +2 broad axe (vorpal)
rCold    . . .     Gourm    +   B - +3 shield "Suettum" {rElec rPois rCorr Str-3}
rNeg     + + +     Faith    .   (armour currently unavailable)
rPois    +         Spirit   .   (helmet currently unavailable)
rElec    +         Reflect  .   (cloak currently unavailable)
rCorr    +         Harm     .   (gloves currently unavailable)
MR       .....     NoTele   +   (boots currently unavailable)
Stlth    +.........             s - amulet of the gourmand
HPRegen  0.35/turn              C - ring of resist corrosion
MPRegen  0.15/turn              o - ring of poison resistance

@: lethally poisoned (-10 -> -11), tree-form
A: no striking features
a: Stomp, Line Pass, Grand Finale, Renounce Religion, Convert to Beogh


You were on level 10 of the Dungeon.
You worshipped Uskayaw.
Uskayaw was noncommittal.
You were very full.
You were a tree.
You visited 2 branches of the dungeon, and saw 11 of its levels.

You collected 484 gold pieces.

Inventory:

Hand Weapons
 a - a +1 war axe
 I - a +0 battleaxe
 K - a +2 vorpal broad axe (weapon)
Armour
 b - a +3 scale mail of cold resistance (melded)
 c - a +0 shield
 i - a +0 pair of gloves (melded)
 q - a +0 cloak (melded)
 u - a +2 hat (melded)
 B - the +3 shield "Suettum" (worn) {rElec rPois rCorr Str-3}
   (You found it on level 8 of the Dungeon)

   It affects your strength (-3).
   It insulates you from electricity.
   It protects you from poison.
   It provides partial protection from all sources of acid and corrosion.
 L - +0 steam dragon scales
Jewellery
 l - a +2 ring of intelligence
 o - a ring of poison resistance (right branch)
 p - an uncursed ring of positive energy
 s - an amulet of the gourmand (around neck)
 t - an uncursed ring of magical power
 A - an uncursed ring of ice
 C - a ring of resist corrosion (left branch)
Wands
 n - a wand of random effects (18)
 r - a wand of iceblast (13)
 y - a wand of digging (3)
 z - a wand of enslavement (14)
 E - a wand of disintegration (14)
Scrolls
 e - 6 scrolls of identify
 g - 3 scrolls of remove curse
 h - 2 scrolls of teleportation
 j - a scroll of amnesia
 G - 2 scrolls of enchant weapon
 J - a scroll of silence
 M - a scroll of fear {unknown}
 N - a scroll of blinking {unknown}
Potions
 k - 4 potions of curing
 m - 2 potions of ambrosia
 v - 3 potions of flight
 w - 3 potions of haste
 x - 2 potions of brilliance
 D - a potion of cancellation
 F - a potion of might
Comestibles
 f - 16 rations


   Skills:
 + Level 10.4 Fighting
 * Level 14.5 Axes
 + Level 9.5 Armour
 - Level 3.2 Shields
 * Level 7.0 Invocations


You had 10 spell levels left.
You didn't know any spells.
Your spell library contained the following spells:

 Spells                   Type           Power        Failure   Level  Hunger
 Bolt of Magma            Conj/Fire/Erth #.........   100%        5    ######.
 Iskenderun's Battlesphe  Conj/Chrm      #.......     100%        5    ######.
 Iron Shot                Conj/Erth      #.........   100%        6    #######
 Orb of Destruction       Conj           #.........   100%        7    #######
 Spellforged Servitor     Conj/Summ      #.........   100%        7    #######


Dungeon Overview and Level Annotations

Branches:
Dungeon (10/15)            Temple (1/1) D:4
   Lair: D:8-11         Orc: D:9-12

Altars:
Ashenzari
Cheibriados
Dithmenos
Elyvilon
Gozag
Hepliaklqana
Kikubaaqudgha
Makhleb
Nemelex Xobeh
Okawaru
Sif Muna
Trog
Uskayaw
Vehumet
Wu Jian
Xom
Yredelemnul
Zin
The Shining One

Shops:
D:7 (

Annotations:
D:8 exclusion: ice statue
D:10 Urug


Message History

* * * LOW HITPOINT WARNING * * *
You are poisoned.
The orc warrior hits you from afar with a +2 halberd of venom!
* * * LOW HITPOINT WARNING * * *
The wraith hits you but does no damage. The orc barely misses you.
The orc priest barely misses you. You block the orc warrior's attack.
The orc priest shouts, "Surrender to Beogh and we'll let you live!"
You hit the orc warrior but do no damage.
You closely miss the orc priest. You closely miss the wraith.
You closely miss the orc priest. You hit the orc.
You feel sick.
The orc priest mumbles some strange prayers to Beogh against you.
Beogh smites you!
* * * LOW HITPOINT WARNING * * *
You block the wraith's attack. You block the orc priest's attack.
The orc warrior hits you but does no damage.
You block the orc warrior's attack. The orc hits you but does no damage.
The orc priest hits you but does no damage.
The orc priest invokes the aid of Beogh against you.
Beogh smites you!
You die...

# ### ##8 ##.##
.#...#...######
......o.......:
......ooo..#
....o..o♣W##
.#...#.oo## ##8
##8## # ###


You could see a wraith, 3 orc warriors, 3 orc priests and 2 orcs.

Vanquished Creatures
  Harold (D:8)
  Erica (D:10)
  Nergalle (D:10)
  Pikel (D:8)
  Joseph (D:8)
  Maggie (D:8)
  A troll (D:6)
  2 hippogriffs
  A wyvern (D:8)
  Eustachio (D:6)
  A hungry ghost (D:7)
  Menkaure (D:6)
  2 water moccasins
  4 orc warriors
  Duvessa (D:4)
  2 black bears
  A phantom (D:2)
  2 sky beasts
  5 ogres
  2 centaurs
  2 big kobolds
  6 bullfrogs
  A wyvern skeleton (D:10)
  4 scorpions
  Dowan (D:4)
  5 killer bees (D:9)
  4 wights (D:9)
  5 howler monkeys
  4 crimson imps
  A jelly (D:9)
  2 bullfrog skeletons
  Crazy Yiuf (D:2)
  A centaur skeleton (D:4)
  2 orc priests
  4 hounds
  7 orc wizards
  Jessica (D:2)
  Natasha (thrice) (D:2)
  4 iguanas
  A worker ant (D:4)
  A howler monkey zombie (D:6)
  4 gnolls (D:5)
  12 adders
  2 shadow imps
  An ooze (D:4)
  2 adder zombies (D:5)
  6 adder skeletons
  4 worms
  4 leopard geckos
  35 orcs
  6 bats
  6 giant cockroaches
  6 goblins
  4 hobgoblins
  26 jackals
  3 quokkas
  A ball python (D:7)
  3 frilled lizards
  A giant cockroach zombie (D:6)
  18 kobolds
  8 rats
  5 fungi (D:2)
249 creatures vanquished.

Vanquished Creatures (others)
  4 slaves (D:8)
  An orc (D:8)
5 creatures vanquished.

Grand Total: 254 creatures vanquished

Notes
Turn   | Place    | Note
-------+----------+-------------------------------------------
     0 | D:1      | kae the Hill Orc Fighter began the quest for the Orb.
     0 | D:1      | Reached XP level 1. HP: 19/19 MP: 1/1
    62 | D:1      | Reached skill level 3 in Axes
    90 | D:1      | Reached XP level 2. HP: 23/27 MP: 2/2
   767 | D:2      | Reached XP level 3. HP: 31/33 MP: 3/3
   927 | D:2      | Noticed Jessica
   940 | D:2      | Killed Jessica
   940 | D:2      | Reached skill level 4 in Axes
  1088 | D:2      | Noticed Natasha
  1098 | D:2      | Reached XP level 4. HP: 13/40 MP: 4/4
  1099 | D:2      | Killed Natasha
  1444 | D:2      | Reached skill level 5 in Axes
  1478 | D:2      | Found a glowing golden altar of the Shining One.
  1479 | D:2      | Found a snail-covered altar of Cheibriados.
  1606 | D:2      | Noticed Natasha
  1614 | D:2      | Killed Natasha
  1614 | D:2      | Reached XP level 5. HP: 47/47 MP: 5/5
  1652 | D:2      | Noticed a phantom
  1701 | D:2      | Killed a phantom
  1701 | D:2      | Reached skill level 5 in Fighting
  1701 | D:2      | Reached skill level 6 in Axes
  1701 | D:2      | Reached XP level 6. HP: 44/56 MP: 6/6
  1962 | D:2      | Found a runed translucent door.
  1963 | D:2      | Noticed Crazy Yiuf
  1978 | D:2      | Killed Crazy Yiuf
  2178 | D:2      | Found a glowing golden altar of the Shining One.
  2179 | D:2      | Found a snail-covered altar of Cheibriados.
  2275 | D:2      | Noticed Natasha
  2280 | D:2      | Killed Natasha
  3659 | D:4      | Reached skill level 7 in Axes
  3659 | D:4      | Reached skill level 5 in Armour
  3697 | D:4      | Reached XP level 7. HP: 56/61 MP: 7/7
  3756 | D:4      | Noticed Dowan
  3771 | D:4      | Killed Dowan
  3773 | D:4      | Noticed Duvessa
  3791 | D:4      | Killed Duvessa
  4339 | D:4      | Found a staircase to the Ecumenical Temple.
  4348 | Temple   | Entered the Ecumenical Temple
  4494 | Temple   | Became a worshipper of Uskayaw the Reveler
  4547 | D:5      | Entered Level 5 of the Dungeon
  4614 | D:5      | Reached * piety under Uskayaw
  4629 | D:5      | Reached ** piety under Uskayaw
  4636 | D:5      | Reached skill level 8 in Axes
  5101 | D:5      | Reached XP level 8. HP: 39/71 MP: 8/8
  5492 | D:5      | Reached skill level 9 in Axes
  5504 | D:5      | Reached *** piety under Uskayaw
  5505 | D:5      | Reached **** piety under Uskayaw
  5629 | D:6      | Noticed a troll
  5635 | D:6      | Killed a troll
  5646 | D:6      | Noticed Eustachio
  5665 | D:6      | Killed Eustachio
  5665 | D:6      | Reached skill level 10 in Axes
  5677 | D:6      | Reached ***** piety under Uskayaw
  5800 | D:6      | Reached XP level 9. HP: 76/79 MP: 9/9
  5856 | D:6      | Noticed Menkaure
  5861 | D:6      | Killed Menkaure
  6044 | D:6      | Reached skill level 11 in Axes
  6455 | D:7      | Found Utoisav's Antique Weapon Emporium.
  6519 | D:7      | Found a glowing silver altar of Zin.
  6739 | D:7      | Found a sparkling altar of Nemelex Xobeh.
  7035 | D:8      | Noticed an ice devil
  7037 | D:8      | Noticed an ice statue
  7037 | D:8      | Noticed an ice devil
  7037 | D:8      | Noticed an ice devil
  7055 | D:8      | Noticed an ice devil
  7072 | D:8      | Noticed an ice devil
  7074 | D:8      | Noticed an ice devil
  7117 | D:8      | Reached skill level 12 in Axes
  7698 | D:8      | Noticed Pikel
  7707 | D:8      | Killed Pikel
  7707 | D:8      | Reached XP level 10. HP: 90/91 MP: 10/10
  7815 | D:8      | Noticed Harold
  7928 | D:8      | Got a scorched shield
  7945 | D:8      | Identified the +3 shield "Suettum" {rElec rPois rCorr
                  | Str-3} (You found it on level 8 of the Dungeon)
  8020 | D:8      | Noticed Joseph
  8034 | D:8      | Killed Joseph
  8034 | D:8      | Reached skill level 13 in Axes
  8262 | D:8      | Reached skill level 1 in Invocations
  8305 | D:8      | Found an ornate altar of the Wu Jian Council.
  8312 | D:8      | Found a shadowy altar of Dithmenos.
  8445 | D:8      | Noticed Maggie
  8460 | D:8      | Killed Maggie
  9197 | D:8      | Killed Harold
  9496 | D:9      | Reached skill level 5 in Invocations
  9501 | D:9      | Reached skill level 10 in Fighting
  9505 | D:9      | Reached skill level 14 in Axes
  9511 | D:9      | Reached ****** piety under Uskayaw
  9750 | D:9      | Reached XP level 11. HP: 89/99 MP: 15/15
  9959 | D:9      | Found a shimmering altar of Xom.
  9961 | D:9      | Found a shimmering altar of Xom.
  9961 | D:9      | Found a shimmering altar of Xom.
  9961 | D:9      | Found a shimmering altar of Xom.
  9961 | D:9      | Found a shimmering altar of Xom.
  9961 | D:9      | Noticed a glowing orange brain
  9962 | D:9      | Found a shimmering altar of Xom.
  9962 | D:9      | Found a shimmering altar of Xom.
  9962 | D:9      | Found a shimmering altar of Xom.
  9962 | D:9      | Found a shimmering altar of Xom.
 10042 | D:9      | Noticed a shock serpent
 10068 | D:10     | Entered Level 10 of the Dungeon
 10068 | D:10     | Noticed Erica
 10074 | D:10     | Noticed Nergalle
 10080 | D:10     | Noticed Urug
 10084 | D:10     | Killed Nergalle
 10084 | D:10     | Killed Erica
 10104 | D:10     | HP: 2/151 [orc priest/divine providence (11)]
 10104 | D:10     | Killed from afar by an orc priest

Levels and vault maps discovered:
D:1:      psy_arrival_whirlpool, layout_basic
D:2:      layout_basic, nicolae_overflow_hidden_temple, first_ration,
          uniq_jessica, uniq_natasha, uniq_crazy_yiuf_cottage
D:3:      layout_basic
D:4:      layout_rooms, temple_hall, uniq_duvessa
D:5:      layout_basic, minmay_misc_feat_alley, kennysheep_generic_room_14
D:6:      layout_basic, uniq_menkaure, uniq_eustachio
D:7:      layout_loops_ring, nicolae_overflow_crystal_walls,
          kennysheep_little_box, serial_shops, shop
D:8:      cheibrodos_frozen_isle, layout_basic, amethyst_overflow_temple_binary,
          grunt_ogre_cave, uniq_harold, uniq_maggie, uniq_joseph, uniq_pikel
D:9:      layout_long_grid, xom_shifter_show
D:10:     hangedman_cross_veins, layout_cross, david_lair_shrubbed, david_orc_4,
          uniq_nergalle, uniq_urug, uniq_erica, uniq_snorg
Temple:   dshaligram_water_room_temple

Skill      XL: |  1  2  3  4  5  6  7  8  9 10 11 |
---------------+----------------------------------+-----
Axes           | 3 4 5 6 7 8 10 12 14 | 14.5
Fighting       | 4 5 6 7 9 10 | 10.4
Armour         | 4 5 6 8 9 |  9.5
Invocations    | 5 7 |  7.0
Shields        | |  3.2

Action                   |  1- 3 |  4- 6 |  7- 9 | 10-12 || total
-------------------------+-------+-------+-------+-------++-------
Melee: War axe           |    85 |   183 |   355 |    58 ||   681
       Broad axe         |       |       |       |   124 ||   124
       Battleaxe         |       |       |       |    37 ||    37
Invok: Line Pass         |       |       |     4 |       ||     4
       Stomp             |       |       |     1 |       ||     1
Evoke: Wand              |       |       |     4 |     4 ||     8
  Use: Scroll            |       |     4 |    10 |     5 ||    19
       Potion            |       |       |     1 |     6 ||     7
 Stab: Paralysed         |       |       |     7 |    26 ||    33
  Eat: Chunk             |     1 |     4 |    15 |    16 ||    36
       Ration            |       |     1 |     1 |       ||     2
Armor: Scale mail        |    45 |    56 |   142 |    77 ||   320
       Skin              |       |       |       |    11 ||    11
Dodge: Dodged            |    28 |    40 |    80 |    82 ||   230
Block: Shield            |    47 |    67 |   146 |   101 ||   361

Table legend:
 A = Non-vault XP
 B = Vault XP
 C = Vault XP percentage of total XP
 D = Non-vault monster count
 E = Vault monster count
 F = Vault count percentage of total count
                 A         B        C        D         E       F
            +---------+---------+-------+---------+---------+-------
      Total |    6766 |    5052 |  42.7 |     223 |      21 |   8.6
            +---------+---------+-------+---------+---------+-------
        D:1 |      25 |       0 |   0.0 |      15 |       0 |   0.0
        D:2 |     283 |     114 |  28.7 |      22 |       3 |  12.0
        D:3 |      73 |       0 |   0.0 |      25 |       0 |   0.0
        D:4 |     225 |     202 |  47.3 |      24 |       2 |   7.7
        D:5 |     663 |       0 |   0.0 |      19 |       0 |   0.0
        D:6 |    1056 |     378 |  26.4 |      23 |       2 |   8.0
        D:7 |     491 |       0 |   0.0 |      11 |       0 |   0.0
        D:8 |    1639 |    2425 |  59.7 |      33 |       5 |  13.2
        D:9 |    1846 |       0 |   0.0 |      43 |       0 |   0.0
       D:10 |     465 |    1933 |  80.6 |       8 |       9 |  52.9
            +---------+---------+-------+---------+---------+-------
